 Dungeon Crawl Stone Soup version 0.29.0-11-gd7f09526c8 (webtiles) character file.

Game seed: 816544678963056847

58 Bartlander the Covert (level 4, -1/41 HPs)
             Began as a Gnoll Delver on Sept 3, 2022.
             Slain by a gnoll
             ... wielding a +0 flail
              (9 damage)
             ... on level 2 of the Dungeon.
             The game lasted 00:08:37 (2445 turns).

Bartlander the Covert (Gnoll Delver)                Turns: 2445, Time: 00:08:37

Health: -1/41      AC:  6    Str: 14    XL:     4   Next: 2%
Magic:  5/5        EV: 11    Int:  9    God:
Gold:   98         SH:  0    Dex: 19    Spells: 5/5 levels left

rFire   . . .      SeeInvis .   a - +1 mace
rCold   . . .      Faith    +   (no shield)
rNeg    . . .      Spirit   .   k - +0 scale mail
rPois   .          Reflect  .   (no helmet)
rElec   .          Harm     .   (no cloak)
rCorr   .          Rampage  .   (no gloves)
Will    .....                   (no boots)
Stlth   +++.......              o - amulet of faith
HPRegen 0.13/turn               p - +6 ring of dexterity
MPRegen 0.09/turn               (no ring)

@: no status effects
A: fangs 1, strong nose, distributed training
a: no special abilities


You were on level 2 of the Dungeon.
You visited 1 branch of the dungeon, and saw 5 of its levels.

You collected 98 gold pieces.

Inventory:

Hand Weapons
 a - a +1 mace (weapon)
Missiles
 e - 9 stones (quivered)
Armour
 b - a +0 leather armour
 i - a +0 ring mail
 k - a +0 scale mail (worn)
Jewellery
 o - an amulet of faith (around neck)
 p - a +6 ring of dexterity (left hand)
Wands
 g - a wand of digging (3)
Scrolls
 c - 2 scrolls of fog
 d - a scroll of magic mapping
 h - a scroll of enchant weapon
 j - a scroll of teleportation
 l - a scroll of vulnerability
 m - a scroll of amnesia {unknown}
 n - a scroll of immolation
Potions
 f - 2 potions of haste
 q - 2 potions of attraction {unknown}


   Skills:
 + Level 6.6 Fighting
 + Level 1.0 Short Blades
 + Level 1.0 Long Blades
 + Level 1.0 Axes
 + Level 4.6 Maces & Flails
 + Level 1.0 Polearms
 + Level 1.0 Staves
 + Level 1.0 Ranged Weapons
 + Level 1.0 Throwing
 + Level 1.0 Armour
 + Level 4.6 Dodging
 + Level 9.6 Stealth
 + Level 1.0 Shields
 + Level 1.0 Unarmed Combat
 + Level 1.0 Spellcasting
 + Level 0.8 Conjurations
 + Level 0.8 Hexes
 + Level 0.8 Summonings
 + Level 0.8 Necromancy
 + Level 0.8 Translocations
 + Level 0.8 Transmutations
 + Level 0.8 Fire Magic
 + Level 0.8 Ice Magic
 + Level 0.8 Air Magic
 + Level 0.8 Earth Magic
 + Level 0.8 Poison Magic
 + Level 1.1 Invocations
 + Level 1.0 Evocations


You had 5 spell levels left.
You didn't know any spells.
Your spell library contained the following spells:

 Spells                   Type           Power      Damage    Failure   Level
 Sandblast                Erth           2%         2d4       75%         1
 Passwall                 Tmut/Erth      0%         N/A       86%         2
 Ignite Poison            Fire/Tmut/Pois 1%         N/A       98%         3
 Mephitic Cloud           Conj/Pois/Air  1%         N/A       98%         3
 Stone Arrow              Conj/Erth      2%         3d7       98%         3
 Freezing Cloud           Conj/Ice/Air   0%         6-21      100%        5


Dungeon Overview and Level Annotations

Branches:
Dungeon (5/15)
 Temple: D:4-7

Altars:

Annotations:
D:2 Natasha, Terence
D:3 Ijyb


Innate Abilities, Weirdness & Mutations

You have very sharp teeth.
Your uncanny sense of smell can sniff out nearby items.
Your experience applies equally to all skills.


Message History

Your Ranged Weapons skill increases to level 1!
Your Throwing skill increases to level 1!
Your Armour skill increases to level 1!
Your Shields skill increases to level 1!
Your Unarmed Combat skill increases to level 1!
Your Spellcasting skill increases to level 1!
Your Evocations skill increases to level 1!
You hit the gnoll.
The gnoll is heavily wounded.
The gnoll closely misses you.
You barely miss the gnoll.
The gnoll is heavily wounded.
The gnoll closely misses you.
You closely miss the gnoll.
The gnoll is heavily wounded.
The gnoll barely misses you. The gnoll closely misses you.
You barely miss the gnoll.
The gnoll is heavily wounded.
The gnoll closely misses you.
You closely miss the gnoll.
The gnoll is heavily wounded.
The gnoll hits you with a +0 flail.
You hit the gnoll.
The gnoll is heavily wounded.
The gnoll hits you but does no damage.
You hit the gnoll but do no damage.
The gnoll is heavily wounded.
The gnoll hits you with a +0 flail.
You hit the gnoll.
You kill the gnoll!
You have reached level 4!
You feel stronger.
You hit the gnoll.
The gnoll is lightly wounded.
The gnoll closely misses you. The gnoll hits you with a +0 flail.
* * * LOW HITPOINT WARNING * * *
You hit the gnoll.
The gnoll is heavily wounded.
The gnoll hits you with a +0 flail!
You die...

..##......##.######.#
..##.>..............#
####....##########..#
........#........#..#
.<.###..#.######.#..#
#...@...#.#....#.#..#
#.......#.#.##.#.#..#
#.......#.#[.#.#.#..#
....g...#.#..#.#@#..#
....g...#.####.#g#..#
..>.....#......#g#..#
........########.#.##
#.........gg.....).#
#..........#########
#.........)#
#.#+######## #.


You could see 2 gnolls.

Vanquished Creatures
  2 gnolls (D:2)
  An adder (D:2)
  6 ball pythons
  3 endoplasms
  2 giant cockroaches (D:1)
  A hobgoblin (D:2)
  3 kobolds
  2 quokkas
  3 bats
  4 goblins (D:2)
  4 rats
31 creatures vanquished.

Notes
Turn   | Place    | Note
-------+----------+-------------------------------------------
     0 | D:5      | Reached skill level 9 in Stealth
     0 | D:5      | Bartlander the Gnoll Delver began the quest for the Orb.
     0 | D:5      | Reached XP level 1. HP: 23/23 MP: 1/1
     3 | D:5      | Noticed a lemure
     4 | D:5      | Noticed a lemure
    10 | D:5      | Noticed a lemure
    11 | D:4      | Noticed an orc priest
   254 | D:3      | Noticed Ijyb
   362 | D:2      | Reached XP level 2. HP: 17/29 MP: 2/2
  1036 | D:1      | Reached XP level 3. HP: 30/35 MP: 3/3
  1616 | D:2      | Noticed Terence
  1638 | D:2      | Reached skill level 1 in Invocations
  1707 | D:2      | Noticed Natasha
  2436 | D:2      | Reached skill level 1 in Short Blades
  2436 | D:2      | Reached skill level 1 in Long Blades
  2436 | D:2      | Reached skill level 1 in Axes
  2436 | D:2      | Reached skill level 1 in Polearms
  2436 | D:2      | Reached skill level 1 in Staves
  2436 | D:2      | Reached skill level 1 in Ranged Weapons
  2436 | D:2      | Reached skill level 1 in Throwing
  2436 | D:2      | Reached skill level 1 in Armour
  2436 | D:2      | Reached skill level 1 in Shields
  2436 | D:2      | Reached skill level 1 in Unarmed Combat
  2436 | D:2      | Reached skill level 1 in Spellcasting
  2436 | D:2      | Reached skill level 1 in Evocations
  2444 | D:2      | Reached XP level 4. HP: 13/41 MP: 5/5
  2445 | D:2      | Slain by a gnoll

Illustrated notes

Levels and vault maps discovered:
D:1:      minmay_arrival_stair_chambers, layout_loops_ring,
          chequers_serial_rivers_micro_a, minmay_shallow_snake_nest
D:2:      layout_basic, ebering_ecumenical_altar_ruins, minivault_5,
          st_stairs_2, uniq_terence, uniq_natasha
D:3:      layout_basic, serial_glass, glass_columns_b, glass_columns_a,
          kennysheep_cluttered_room, hangedman_decor_growths, kennysheep_donut,
          uniq_grinder, uniq_ijyb
D:4:      layout_rooms, nicolae_tso_carved_into_rock, serial_shops,
          nicolae_shop_temple_entry_statues_fountains, grunt_decor_mini_mirrors,
          uniq_crazy_yiuf_cottage, uniq_blork_the_orc
D:5:      layout_basic, uniq_pikel

Skill      XL: |  1  2  3 |
---------------+----------+-----
Stealth        | |  9.6
Invocations    | 1 |  1.1
Short Blades   | 1 |  1.0
Long Blades    | 1 |  1.0
Axes           | 1 |  1.0
Polearms       | 1 |  1.0
Staves         | 1 |  1.0
Ranged Weapons | 1 |  1.0
Throwing       | 1 |  1.0
Armour         | 1 |  1.0
Shields        | 1 |  1.0
Unarmed Combat | 1 |  1.0
Spellcasting   | 1 |  1.0
Evocations     | 1 |  1.0
Fighting       | |  6.6
Maces & Flails | |  4.6
Dodging        | |  4.6
Conjurations   | |  0.8
Hexes          | |  0.8
Summonings     | |  0.8
Necromancy     | |  0.8
Translocations | |  0.8
Transmutations | |  0.8
Fire Magic     | |  0.8
Ice Magic      | |  0.8
Air Magic      | |  0.8
Earth Magic    | |  0.8
Poison Magic   | |  0.8

Action                   |  1- 3 |  4- 6 || total
-------------------------+-------+-------++-------
Melee: Mace              |    97 |     2 ||    99
       Bite              |     8 |       ||     8
Throw: Stone             |     4 |       ||     4
  Use: Scroll            |     8 |       ||     8
 Stab: Sleeping          |    13 |       ||    13
Armor: Leather armour    |    16 |       ||    16
       Scale mail        |     7 |       ||     7
Dodge: Dodged            |    62 |     1 ||    63
